 Dungeon Crawl Stone Soup version 0.25-a0-398-g1920f1ac21 (webtiles) character file.

Game seed: 15492331019597510115, levelgen mode: deterministic

5343 ReteAZ the Carver (level 10, -2/80 HPs)
             Began as a Human Fighter on Jan 8, 2020.
             Was a Priest of the Shining One.
             Killed from afar by a catoblepas (5 damage)
             ... with a blast of calcifying dust
             ... while petrified by you
             ... on level 9 of the Dungeon.
             The game lasted 00:15:37 (8558 turns).

ReteAZ the Carver (Human Fighter)                   Turns: 8558, Time: 00:15:39

Health: -2/80      AC: 18    Str: 23    XL:     10   Next: 96%
Magic:  0/10       EV:  2    Int:  9    God:    the Shining One [***...]
Gold:   431        SH:  0    Dex: 12    Spells: 9/9 levels left

rFire    . . .     SeeInvis .   j - +6 falchion "Human's Death" {slice, +Inv rElec rN+ Str-2}
rCold    . . .     Gourm    .   c - +0 shield
rNeg     + + +     Faith    .   T - +0 plate armour
rPois    ∞         Spirit   +   (no helmet)
rElec    +         Reflect  .   A - +0 cloak
rCorr    .         Harm     .   k - +0 pair of gloves
MR       .....                  h - +1 pair of boots
Stlth    ..........             I - amulet of guardian spirit (curse)
HPRegen  0.23/turn              s - ring of flight
MPRegen  0.12/turn              (no ring)

@: mighty, petrified, glowing
A: no striking features
a: Divine Shield, Renounce Religion, Evoke Invisibility, Evoke Flight


You were on level 9 of the Dungeon.
You worshipped the Shining One.
The Shining One was most pleased with you.
You were not hungry.

You visited 2 branches of the dungeon, and saw 10 of its levels.
You also visited: Ossuary.

You collected 575 gold pieces.
You spent 144 gold pieces at shops.

Inventory:

Hand Weapons
 a - a +0 long sword
 i - the +8 mace "Vuifurgh" {pain, +Inv MP+9 Int+3}
   (You found it on level 4 of the Dungeon)

   In the hands of one skilled in necromantic magic, it inflicts extra damage on
   living creatures.
   It affects your intelligence (+3).
   It affects your magic capacity (+9).
   It lets you turn invisible.
   The Shining One disapproves of the use of such an item.
 j - the +6 falchion "Human's Death" (weapon) {slice, +Inv rElec rN+ Str-2}
   (You found it on level 7 of the Dungeon)

   It inflicts extra damage upon your enemies.
   It affects your strength (-2).
   It insulates you from electricity.
   It protects you from negative energy.
   It lets you turn invisible.
 t - a +4 short sword
 F - a +4 great sword of freezing
 S - a +2 long sword of electrocution
Missiles
 l - 8 silver javelins (quivered)
 m - a throwing net
 w - 34 poisoned darts
Armour
 b - a +0 scale mail
 c - a +0 shield (worn)
 h - a +1 pair of boots (worn)
 k - a +0 pair of gloves (worn)
 A - a +0 cloak (worn)
 E - a +0 chain mail
 T - a +0 plate armour (worn)
Jewellery
 s - a ring of flight (left hand)
 I - a cursed amulet of guardian spirit (around neck)
 U - a +4 ring of dexterity {unknown}
Wands
 z - a wand of acid (7)
 C - a wand of random effects (13)
 O - a wand of flame (5)
 P - a wand of paralysis (8)
Scrolls
 e - 4 scrolls of fear {unknown}
 g - 7 scrolls of teleportation
 n - 8 scrolls of identify
 p - 3 scrolls of noise
 q - 2 scrolls of fog
 r - 2 scrolls of enchant armour
 v - 7 scrolls of remove curse
 x - a scroll of amnesia
 y - a scroll of random uselessness {unknown}
 J - 3 scrolls of enchant weapon {unknown}
 Q - a scroll of immolation {unknown}
Potions
 d - 3 potions of haste {unknown}
 o - 2 potions of resistance {unknown}
 u - 7 potions of curing {unknown}
 B - 2 potions of flight {unknown}
 G - a potion of cancellation {unknown}
 K - 2 potions of heal wounds
 L - a potion of berserk rage {unknown}
 M - a potion of agility {unknown}
 N - a potion of magic {unknown}
 R - a potion of brilliance {unknown}
Comestibles
 f - 22 rations
 D - 8 chunks of flesh


   Skills:
 + Level 7.7 Fighting
 * Level 9.7 Long Blades
 - Level 0.3 Maces & Flails
 + Level 7.7 Armour
 + Level 7.7 Shields


You had 9 spell levels left.
You didn't know any spells.
Your spell library contained the following spells:

 Spells                   Type           Power        Failure   Level  Hunger
 Animate Skeleton         Necr           N/A          100%        1    ##.....
 Pain                     Necr           #...         100%        1    ##.....
 Shock                    Conj/Air       #...         100%        1    ##.....
 Summon Small Mammal      Summ           #...         100%        1    ##.....
 Call Imp                 Summ           #.......     100%        2    ###....
 Swiftness                Chrm/Air       #.......     100%        2    ###....
 Call Canine Familiar     Summ           #.......     100%        3    ####...
 Confusing Touch          Hex            #.......     100%        3    ####...
 Gell's Gravitas          Tloc           #.........   100%        3    ####...
 Static Discharge         Conj/Air       #.......     100%        3    ####...
 Summon Guardian Golem    Hex/Summ       #.......     100%        3    ####...
 Vampiric Draining        Necr           #.........   100%        3    ####...
 Airstrike                Air            #.........   100%        4    #####..
 Animate Dead             Necr           N/A          100%        4    #####..
 Petrify                  Tmut/Erth      #.......     100%        4    #####..
 Summon Ice Beast         Ice/Summ       #.......     100%        4    #####..
 Summon Lightning Spire   Summ/Air       #.......     100%        4    #####..
 Agony                    Necr           #.......     100%        5    ######.
 Lightning Bolt           Conj/Air       #.........   100%        5    ######.
 Metabolic Englaciation   Hex/Ice        #.........   100%        5    ######.
 Yara's Violent Unravell  Hex/Tmut       #.........   100%        5    ######.


Dungeon Overview and Level Annotations

Branches:
Dungeon (9/15)             Temple (1/1) D:5            Lair (0/6) D:8
    Orc (0/2) D:9         Ossuary (visited)

Altars:
Ashenzari
Cheibriados
Dithmenos
Elyvilon
Gozag
Hepliaklqana
Kikubaaqudgha
Makhleb
Nemelex Xobeh
Okawaru
Qazlal
Ru
Sif Muna
Trog
Uskayaw
Vehumet
Wu Jian
Xom
Yredelemnul
The Shining One

Shops:
D:4 ?

Annotations:
D:3 2 transporters, Burgietje's ghost, amateur GrFi


Message History

You are engulfed in calcifying dust.
The two-headed ogre hits you with a +0 giant club!!
* * * LOW HITPOINT WARNING * * *
The two-headed ogre hits you but does no damage.
The catoblepas gores you!
* * * LOW HITPOINT WARNING * * *
The two-headed ogre hits you but does no damage.
The two-headed ogre hits you with a +0 giant spiked club!
* * * LOW HITPOINT WARNING * * *
The catoblepas breathes a plume of calcifying dust at you.
The blast of calcifying dust hits you but does no damage.
You are engulfed in calcifying dust.
The catoblepas gores you.
* * * LOW HITPOINT WARNING * * *
You are engulfed in calcifying dust.
The two-headed ogre hits you with a +0 giant club!
* * * LOW HITPOINT WARNING * * *
The two-headed ogre hits you but does no damage.
The catoblepas breathes a plume of calcifying dust at you.
The blast of calcifying dust hits you!
You die...

#..#...............#
#.................#
##..###................#
....###...............#
.##....
#..##############
......_##..# ...ZY#...#
HcO#.§.# #.#@.## #aYO##
#.c## ....## .....#
#####


You could see a catoblepas, a two-headed ogre, a centaur and a worker ant.

Vanquished Creatures
  A two-headed ogre (D:8)
  Pikel (D:5)
  Grinder (D:6)
  A wraith (Ossuary)
  4 hogs (D:7)
  A human (D:7)
  A hungry ghost (D:8)
  An ice beast (D:5)
  2 orc warriors (D:9)
  A black bear (D:9)
  2 eyes of draining
  4 centaurs
  3 ogres
  3 big kobolds
  3 bullfrogs
  3 scorpions
  3 wights (D:6)
  3 crimson imps
  A centaur zombie (D:8)
  Crazy Yiuf (D:4)
  3 hounds
  2 orc priests
  2 jellies
  Ijyb (D:4)
  A centaur skeleton (D:6)
  An iguana (D:8)
  3 orc wizards (D:8)
  Natasha (thrice) (D:4)
  5 worker ants
  2 big kobold zombies (Ossuary)
  3 mummies (Ossuary)
  3 worker ant zombies
  16 gnolls
  8 adders
  5 shadow imps
  3 oozes
  An adder zombie (D:9)
  A worm (D:6)
  2 dart slugs
  5 leopard geckos
  11 orcs
  3 giant cockroaches
  33 goblins
  29 hobgoblins
  10 jackals
  3 quokkas
  4 ball pythons
  9 bats
  9 frilled lizards
  A goblin zombie (Ossuary)
  2 hobgoblin zombies (Ossuary)
  18 kobolds
  3 kobold zombies (Ossuary)
  An orc zombie (Ossuary)
  A quokka skeleton (D:6)
  5 rats
252 creatures vanquished.

Vanquished Creatures (others)
  An ogre (D:5)
  2 orc wizards (D:5)
  3 orcs (D:5)
6 creatures vanquished.

Grand Total: 258 creatures vanquished

Notes
Turn   | Place    | Note
-------+----------+-------------------------------------------
     0 | D:1      | ReteAZ the Human Fighter began the quest for the Orb.
     0 | D:1      | Reached XP level 1. HP: 18/18 MP: 1/1
    97 | D:1      | Reached XP level 2. HP: 13/24 MP: 2/2
   370 | D:1      | Reached XP level 3. HP: 28/29 MP: 3/3
  1024 | D:2      | Reached XP level 4. HP: 32/35 MP: 4/4
  1026 | D:2      | Reached skill level 3 in Long Blades
  1288 | D:2      | Found a burning altar of Makhleb.
  1444 | D:2      | Reached XP level 5. HP: 36/41 MP: 5/5
  1775 | D:3      | Found a transporter.
  1785 | D:3      | Noticed Burgietje's ghost (amateur GrFi)
  1786 | D:3      | Found a transporter.
  2292 | D:4      | Noticed Natasha
  2309 | D:4      | Killed Natasha
  2311 | D:4      | Reached XP level 6. HP: 24/48 MP: 6/6
  2315 | D:4      | Noticed Natasha
  2326 | D:4      | Killed Natasha
  2326 | D:4      | Reached skill level 4 in Long Blades
  2349 | D:4      | Got a smoking mace
  2350 | D:4      | Identified the +8 mace "Vuifurgh" {pain, +Inv MP+9 Int+3}
                  | (You found it on level 4 of the Dungeon)
  2411 | D:4      | Noticed Natasha
  2422 | D:4      | Killed Natasha
  2525 | D:4      | Found Ocecine's Magic Scroll Emporium.
  2535 | D:4      | Bought a scroll of identify for 24 gold pieces
  2535 | D:4      | Bought a scroll of remove curse for 36 gold pieces
  2535 | D:4      | Bought a scroll of fog for 24 gold pieces
  2535 | D:4      | Bought a scroll of teleportation for 36 gold pieces
  2535 | D:4      | Bought a scroll of identify for 24 gold pieces
  2545 | D:4      | Found a radiant altar of Vehumet.
  2547 | D:4      | Found a shattered altar of Ashenzari.
  2548 | D:4      | Found a basalt altar of Yredelemnul.
  2564 | D:4      | Noticed Ijyb
  2573 | D:4      | Killed Ijyb
  2660 | D:4      | Noticed an ogre
  2665 | D:4      | Killed an ogre
  2665 | D:4      | Reached XP level 7. HP: 54/54 MP: 7/7
  3704 | D:4      | Found a shimmering altar of Xom.
  3706 | D:4      | Found a white marble altar of Elyvilon.
  3706 | D:4      | Found an iron altar of Okawaru.
  3707 | D:4      | Found a shimmering blue altar of Sif Muna.
  3815 | D:4      | Found a runed translucent door.
  3816 | D:4      | Noticed Crazy Yiuf
  3824 | D:4      | Killed Crazy Yiuf
  4028 | D:5      | Entered Level 5 of the Dungeon
  4061 | D:5      | Reached skill level 5 in Long Blades
  4061 | D:5      | Reached skill level 5 in Armour
  4061 | D:5      | Reached XP level 8. HP: 61/61 MP: 8/8
  4116 | D:5      | Found a staircase to the Ecumenical Temple.
  4159 | Temple   | Entered the Ecumenical Temple
  4238 | Temple   | Became a worshipper of the Shining One
  4327 | D:5      | Reached skill level 5 in Fighting
  4355 | D:5      | Noticed Pikel
  4368 | D:5      | Killed Pikel
  4368 | D:5      | Reached skill level 6 in Long Blades
  4368 | D:5      | Reached skill level 5 in Shields
  4671 | D:5      | Reached XP level 9. HP: 49/69 MP: 9/9
  5576 | D:6      | Reached skill level 7 in Long Blades
  5634 | D:6      | Reached * piety under the Shining One
  5666 | D:6      | Found an iron altar of Okawaru.
  5732 | D:6      | Noticed Grinder
  5740 | D:6      | Paralysed by Grinder for 2 turns
  5743 | D:6      | Killed Grinder
  5770 | D:6      | Found a shadowy altar of Dithmenos.
  6101 | D:7      | Found a sand-covered staircase.
  6114 | D:7      | Got an ichor-stained falchion
  6120 | Ossuary  | Entered an ossuary
  6121 | Ossuary  | Identified the +6 falchion "Human's Death" {slice, +Inv
                  | rElec rN+ Str-2} (You found it on level 7 of the Dungeon)
  6160 | Ossuary  | Reached ** piety under the Shining One
  6400 | Ossuary  | Reached skill level 8 in Long Blades
  6461 | Ossuary  | Reached XP level 10. HP: 77/77 MP: 10/10
  6997 | D:7      | Found a stormy altar of Qazlal.
  7094 | D:8      | Found a white marble altar of Elyvilon.
  7146 | D:8      | Found a staircase to the Lair.
  7279 | D:8      | Noticed a two-headed ogre
  7287 | D:8      | Killed a two-headed ogre
  7287 | D:8      | Reached skill level 9 in Long Blades
  7779 | D:8      | Reached *** piety under the Shining One
  8359 | D:9      | Found a staircase to the Orcish Mines.
  8536 | D:9      | Found a shimmering blue altar of Sif Muna.
  8536 | D:9      | Noticed a catoblepas
  8537 | D:9      | Noticed a two-headed ogre
  8558 | D:9      | HP: 3/80 [two-headed ogre/+0 giant club (4)]
  8558 | D:9      | Killed from afar by a catoblepas

Levels and vault maps discovered:
D:1:      scummos_arrival_hexagon, layout_basic
D:2:      layout_rooms, lemuel_crystal_altar, supply_closet_lemuel
D:3:      layout_loops_ring, gammafunk_ghost_arena, first_ration,
          due_unseen_surprise
D:4:      minmay_goblin_kobold_castle, layout_basic, grunt_temple_overflow_open,
          serial_shops, nicolae_shop_stone, uniq_natasha,
          uniq_crazy_yiuf_cottage, uniq_ijyb
D:5:      layout_gridville, minmay_temple_entry_poolview,
          kennysheep_generic_room_8, uniq_pikel
D:6:      layout_basic, grunt_dithmenos_shadows, okawaru_gym_becter,
          uniq_grinder
D:7:      layout_rooms, grunt_qazlal_clouds, nicolae_ossuary_entry_ruins,
          grunt_livestock
D:8:      layout_loops_ring, dpeg_oklobed_lair, basic_altar
D:9:      layout_long_grid, david_orc_1_choice, dk_vineyard_3,
          minmay_ruined_shrine
Temple:   hc_temple_tempest_star

Skill      XL: |  1  2  3  4  5  6  7  8  9 10 |
---------------+-------------------------------+-----
Long Blades    | 3 4 5 6 8 9 |  9.7
Armour         | 4 5 6 7 |  7.7
Fighting       | 4 5 6 7 |  7.7
Shields        | 4 5 6 7 |  7.7
Maces & Flails | |  0.3

Action                   |  1- 3 |  4- 6 |  7- 9 | 10-12 || total
-------------------------+-------+-------+-------+-------++-------
Melee: Long sword        |   132 |   131 |   125 |       ||   388
       Short sword       |       |    20 |       |       ||    20
       Mace              |       |    20 |   149 |       ||   169
       Falchion          |       |       |    40 |   195 ||   235
       Great sword       |       |       |    36 |       ||    36
Throw: Javelin           |       |     2 |     3 |     2 ||     7
Invok: Divine Shield     |       |       |       |     1 ||     1
  Use: Potion            |       |     3 |     3 |     2 ||     8
       Scroll            |       |       |     8 |       ||     8
 Stab: Invisible         |       |     1 |       |       ||     1
  Eat: Chunk             |     1 |     5 |    12 |     9 ||    27
Armor: Scale mail        |    73 |    64 |    96 |       ||   233
       Skin              |       |    38 |       |     1 ||    39
       Chain mail        |       |       |    66 |    66 ||   132
       Plate armour      |       |       |       |    20 ||    20
Dodge: Dodged            |    56 |    57 |   108 |    29 ||   250
Block: Shield            |    71 |    99 |   194 |    80 ||   444
       Rpst.: Long sword |    16 |    11 |     8 |       ||    35
       Falchion          |       |       |     3 |    10 ||    13
       Great sword       |       |       |     2 |       ||     2

Table legend:
 A = Non-vault XP
 B = Vault XP
 C = Vault XP percentage of total XP
 D = Non-vault monster count
 E = Vault monster count
 F = Vault count percentage of total count
                 A         B        C        D         E       F
            +---------+---------+-------+---------+---------+-------
      Total |    4598 |    3035 |  39.8 |     164 |      88 |  34.9
            +---------+---------+-------+---------+---------+-------
        D:1 |      49 |       0 |   0.0 |      30 |       0 |   0.0
        D:2 |      91 |       0 |   0.0 |      25 |       0 |   0.0
        D:3 |      92 |       0 |   0.0 |      17 |       0 |   0.0
        D:4 |     246 |     479 |  66.1 |      11 |      61 |  84.7
        D:5 |     523 |     663 |  55.9 |       9 |       1 |  10.0
        D:6 |    1030 |     283 |  21.6 |      25 |       2 |   7.4
        D:7 |     246 |     975 |  79.9 |       7 |       5 |  41.7
        D:8 |    1995 |       0 |   0.0 |      35 |       0 |   0.0
        D:9 |     326 |     319 |  49.5 |       5 |       6 |  54.5
    Ossuary |       0 |     316 | 100.0 |       0 |      13 | 100.0
            +---------+---------+-------+---------+---------+-------
